 Dungeon Crawl Stone Soup version 0.18-a0-316-gf882de5 (webtiles) character file.

14 Raultor the Insei (level 2, 0/18 HPs)
             Began as an Octopode Transmuter on Nov 27, 2015.
             Slain by a goblin (3 damage)
             ... on level 1 of the Dungeon.
             The game lasted 00:00:53 (440 turns).

Raultor the Insei (Octopode Transmuter)              Turns: 440, Time: 00:00:54

Health: 0/18       AC:  1    Str:  9    XL:     2   Next: 41%
Magic:  5/5        EV: 12    Int: 15    God:
Gold:   39         SH:  0    Dex: 12    Spells: 1 memorised, 4 levels left

rFire  . . .     SeeInvis .       - Unarmed
rCold  . . .     Clarity  .     (no shield)
rNeg   . . .     SustAt   .     (helmet restricted)
rPois  .         Gourm    .     (no amulet)
rElec  .         Spirit   .     g - ring of teleportation (curse)
rCorr  .         Warding  .     (no ring)
rMut   .         Rnd*Tele +     (no ring)
MR     .....                    (no ring)
Stlth  ++........               (no ring)
                                (no ring)
                                (no ring)
                                (no ring)

@: not resistant to hostile enchantments, unstealthy
A: almost no armour, amphibious, 8 rings, constrict 8, camouflage 1, gelatinous
body 1
a: Evoke Teleportation


You were on level 1 of the Dungeon.
You were not hungry.

You visited 1 branch of the dungeon, and saw 1 of its levels.

You collected 39 gold pieces.

Inventory:

Missiles
 a - 12 arrows
Jewellery
 g - a cursed ring of teleportation (left tentacle)
Scrolls
 d - a scroll of noise {unknown}
 h - a scroll of identify {unknown}
Potions
 e - a potion of curing {unknown}
 f - a potion of ambrosia {unknown}
Books
 b - a book of Changes

   Spells                             Type                      Level
   a - Beastly Appendage              Transmutation                1
   b - Sticks to Snakes               Transmutation                2
   c - Spider Form                    Transmutation/Poison         3
   d - Ice Form                       Ice/Transmutation            4
   e - Blade Hands                    Transmutation                5
Comestibles
 c - a bread ration
 i - 2 chunks of flesh


   Skills:
 - Level 1.0 Fighting
 - Level 2.0 Dodging
 - Level 3.0 Unarmed Combat
 - Level 2.0 Spellcasting
 + Level 3.0 Transmutations


You had 4 spell levels left.
You knew the following spells:

 Your Spells              Type           Power        Failure   Level  Hunger
a - Beastly Appendage     Trmt           ##....       8%          1    #......


Dungeon Overview and Level Annotations

Branches:
Dungeon (1/15)

Altars:


Innate Abilities, Weirdness & Mutations

You cannot wear most types of armour.
You are amphibious.
You can wear up to eight rings at the same time.
You can use your tentacles to constrict eight enemies at once.
Your skin changes colour to match your surroundings (Stealth).
Your rubbery body absorbs attacks (AC +1).


Message History

As you open the door, it creaks loudly!
There is an open door here.
You open the door.
A goblin comes into view.
The goblin shouts!
A goblin comes into view.
The goblin shouts!
The goblin throws a stone.
The stone hits you.
The goblin throws a stone.
The stone hits you.
Found 13 bolts.
There is an open door here.
You see here 2 stones.
The goblin hits you. The goblin barely misses you.
You miss the goblin. Your grab misses the goblin. The goblin barely misses you.
The goblin hits you but does no damage.
You barely miss the goblin. You grab the goblin.
Your squeeze misses the goblin. You constrict the goblin. The goblin hits you.
* * * LOW HITPOINT WARNING * * *
The goblin hits you.
You die...

.(........#.#
###≈≈≈≈§≈≈###
#.......)####
#≈≈≈.(.§§§§≈#
#...###...#
#........§§.#
##.####..##
######'######
##........# #####
####8'8#### ##
...#####.##
##≈..###.........###.
##.# #.#
#≈≈..##...........##.
##.# #.#
#≈...##............#.
##.#####.#
+≈.g@(8.....<........
.........#
#≈(g§#'............#.
##.#######
#≈≈..##...........##.
##.#
##≈..###.........###.
# .# #####
###8#8'8### ## #
######'###### ##
#.......)...# .##
#≈≈≈.....≈≈§# ..#
###≈≈≈≈≈≈≈###


You could see 2 goblins.

Vanquished Creatures
  4 hobgoblins (D:1)
  4 jackals (D:1)
  2 kobolds (D:1)
  A giant newt (D:1)
11 creatures vanquished.

Notes
Turn   | Place    | Note
--------------------------------------------------------------
     0 | D:1      | Raultor the Octopode Transmuter began the quest for the Orb.
     0 | D:1      | Reached XP level 1. HP: 13/13 MP: 3/3
    91 | D:1      | Reached XP level 2. HP: 9/18 MP: 5/5
   440 | D:1      | Slain by a goblin

Vault maps used:
D:1:      dpeg_arrival_morbid_curiosity

Action                   || total
-------------------------++-------
Melee: Unarmed           ||    26
 Stab: Sleeping          ||     4
